 Dungeon Crawl Stone Soup version 0.27.1-34-g3ba077fa99 (webtiles) character file.

Game seed: 10352490763208630511

37 Sharkman1231 the Skirmisher (level 3, -1/29 HPs)
             Began as a Demonspawn Chaos Knight on Jan 18, 2022.
             Was a Plaything of Xom.
             Slain by an ufetubus (2 damage)
             ... summoned by Xom
             ... on level 1 of the Dungeon.
             The game lasted 00:01:05 (1000 turns).

Sharkman1231 the Skirmisher (DsCK)                  Turns: 1000, Time: 00:01:07

Health: -1/29      AC:  7    Str: 11 (12) XL:     3   Next: 23%
Magic:  3/3        EV: 11    Int: 11 (13) God:    Xom [......]
Gold:   28         SH:  0    Dex: 12 (13) Spells: 2/2 levels left

rFire    . . .     SeeInvis .   a - +0 mace (chaos)
rCold    . . .     Faith    .   (no shield)
rNeg     . . .     Spirit   .   b - +2 leather armour
rPois    .         Reflect  .   (helmet restricted)
rElec    .         Harm     .   c - +1 cloak {rCorr}
rCorr    +         Rampage  .   (no gloves)
Will     .....                  (no boots)
Stlth    +.........             (no amulet)
HPRegen  0.09/turn              (no ring)
MPRegen  0.08/turn              (no ring)

@: flying
A: antennae 1
a: Renounce Religion


You were on level 1 of the Dungeon.
You worshipped Xom.
You were a very special plaything of Xom.
You visited 1 branch of the dungeon, and saw 1 of its levels.

You collected 28 gold pieces.

Inventory:

Hand Weapons
 a - a +0 mace of chaos (weapon)
Armour
 b - a +2 leather armour (worn)
 c - a +1 cloak of preservation (worn)


   Skills:
 + Level 3.5 Fighting
 + Level 3.1 Maces & Flails
 - Level 1.7 Armour
 + Level 1.7 Dodging


You had 2 spell levels left.
You didn't know any spells.
Your spell library contained the following spells:

 Spells                   Type           Power      Damage    Failure   Level
 Dazzling Flash           Conj/Hex       0%         N/A       80%         3
 Iskenderun's Mystic Bla  Conj/Tloc      0%         2d3       99%         4
 Starburst                Conj/Fire      0%         6d3       100%        6


Dungeon Overview and Level Annotations

Branches:
Dungeon (1/15)

Altars:


Innate Abilities, Weirdness & Mutations

You have a pair of small antennae on your head.


Message History

You feel very sick.
Unknown command.
You feel very sick.
The ufetubus hits you but does no damage.
The ufetubus barely misses you.
You feel sick. The ufetubus misses you. The ufetubus hits you.
You open the door.
* * * LOW HITPOINT WARNING * * *
You feel sick.
The ufetubus hits you but does no damage. x2
You feel sick.
The ufetubus hits you but does no damage. x2
There is an open door here.
You feel sick.
You feel sick.
You feel sick.
You feel sick.
You feel sick.
You are no longer poisoned.
The ufetubus hits you but does no damage.
The ufetubus misses you.
Press: ? - help, v - describe, . - travel
Here: an ufetubus (summoned)
The floor.
Unknown command.
The ufetubus hits you.
* * * LOW HITPOINT WARNING * * *
The ufetubus misses you.
It was a potion of flight.
You feel very buoyant.
You fly up into the air.
Xom is interested.
The ufetubus hits you but does no damage. x2
It was a potion of degeneration.
There was something very wrong with that liquid.
You feel weakened.
You feel dopey.
You feel clumsy.
Xom is interested.
Xom roars with laughter!
The ufetubus hits you.
You die... "This toy is broken."

##.....## #...###
##...## #.....#
#####'## #...#.#
...##.# #####.#
...##.# #4#
...##.## #.#
#.##(..#### #.#
#.#.......# #5#
.#.#.>.##.# #@#
###.....#.######.#
.#.#.#...........#
#.........########
###########


You could see an orange demon (summoned) and an ufetubus (summoned).

Vanquished Creatures
  A gnoll (D:1)
  2 endoplasms (D:1)
  A giant cockroach (D:1)
  2 goblins (D:1)
  A hobgoblin (D:1)
  4 jackals (D:1)
  A quokka (D:1)
  4 ball pythons (D:1)
  5 bats (D:1)
  2 frilled lizards (D:1)
  4 rats (D:1)
27 creatures vanquished.

Notes
Turn   | Place    | Note
-------+----------+-------------------------------------------
     0 | D:1      | Sharkman1231 the Demonspawn Chaos Knight began the quest
                  | for the Orb.
     0 | D:1      | Reached XP level 1. HP: 18/18 MP: 1/1
    12 | D:1      | Reached skill level 1 in Dodging
    52 | D:1      | XOM: butterfly on damage
    74 | D:1      | Gained mutation: You have a pair of small antennae on your
                  | head. [demonic ancestry]
    74 | D:1      | Reached XP level 2. HP: 15/24 MP: 2/2
   395 | D:1      | XOM: cloud trail
   620 | D:1      | Reached XP level 3. HP: 28/29 MP: 3/3
   977 | D:1      | XOM: summons 2 hostile demons
   978 | D:1      | Noticed an orange demon
   978 | D:1      | XOM: butterfly on damage
   998 | D:1      | HP: 1/29 [ufetubus[Xom] (2)]
  1000 | D:1      | Slain by an ufetubus

Illustrated notes

Levels and vault maps discovered:
D:1:      lightli_arrival_chessboard, layout_loops_corners

Skill      XL: |  1  2 |
---------------+-------+-----
Dodging        | 1 |  1.7
Maces & Flails | 3 |  3.1
Fighting       | |  3.5
Armour         | |  1.7

Action                   || total
-------------------------++-------
Melee: Mace              ||    66
  Use: Potion            ||     2
Armor: Leather armour    ||    37
Dodge: Dodged            ||    57
